 Dungeon Crawl Stone Soup version 0.19.0-11-g3fc08b3 (webtiles) character file.

53926 HungrySpirit the Fencer (level 14, -6/110 HPs)
             Began as a Vampire Assassin on Nov 8, 2016.
             Was the Champion of Okawaru.
             Mangled by a komodo dragon (13 damage)
             ... on level 6 of the Lair of Beasts on Nov 9, 2016.
             The game lasted 00:42:38 (19148 turns).

HungrySpirit the Fencer (Vampire Assassin)         Turns: 19148, Time: 00:42:39

Health: -6/110     AC: 15    Str: 11    XL:     14   Next: 32%
Magic:  15/16      EV:  2    Int: 12    God:    Okawaru [******]
Gold:   1306       SH:  0    Dex: 17    Spells: 0 memorised, 13 levels left

rFire  + . .     SeeInvis +     E - +8 long sword (freeze)
rCold  . . .     Gourm    .     M - +3 leather armour of the Lair of Beasts {+Inv Slay+2 SInv Stlth+}
rNeg   + + +     Faith    .     G - +2 shield
rPois  ∞         Spirit   .     (helmet restricted)
rElec  .         Reflect  .     j - +0 cloak {rPois}
rCorr  .         Harm     .     p - +2 pair of gloves {archery}
MR     +....     Rnd*Rage +     L - +0 pair of boots
Stlth  +++++.....               (no amulet)
                                B - ring of protection from fire
                                v - +4 ring of protection

@: petrified, regenerating quickly
A: fangs 3, horns 1, see invisible, berserk 1, clumsy 1, dopey 1, unbreathing,
MP-powered wands
a: Heroism, Finesse, Renounce Religion, Evoke Invisibility


You were on level 6 of the Lair of Beasts.
You worshipped Okawaru.
Okawaru was exalted by your worship.
You were very full.

You visited 3 branches of the dungeon, and saw 18 of its levels.
You also visited: Ossuary and Bailey.

You collected 1306 gold pieces.

Inventory:

Hand Weapons
 b - a +0 blowgun
 c - a +0 scimitar of flaming
 E - a +8 long sword of freezing (weapon)
 I - a +2 double sword
Missiles
 e - 88 poisoned needles
 H - a curare-tipped needle
Armour
 j - a +0 cloak of poison resistance (worn)
 p - a +2 pair of gloves of archery (worn)
 G - a +2 shield (worn)
 L - a +0 pair of boots (worn)
 M - the +3 leather armour of the Lair of Beasts (worn) {+Inv Slay+2 SInv Stlth+}
   (You found it on level 4 of the Lair of Beasts)

   It affects your accuracy and damage with ranged weapons and melee attacks
   (+2).
   It lets you see invisible.
   It lets you turn invisible.
   It makes you more stealthy.
Rods
 w - a +0 iron rod (13/13)
   (You took it off an orc wizard on level 9 of the Dungeon)
Jewellery
 n - an uncursed ring of resist corrosion
 v - a +4 ring of protection (left hand)
 B - a ring of protection from fire (right hand)
 D - an uncursed ring of protection from fire
 K - the ring of Megalomania {Fire rPois}
   (You found it on level 2 of the Lair of Beasts)

   [ring of fire]

   It enhances your fire magic.
   It protects you from fire.
   It makes you vulnerable to cold.
   It protects you from poison.
Wands
 f - a wand of digging (11/24)
 i - a wand of flame (22/48)
 t - a wand of iceblast (3/15)
 y - a wand of iceblast (9/15)
 F - a wand of disintegration (19/24)
Scrolls
 a - a scroll of amnesia
 d - 6 scrolls of remove curse
 h - 9 scrolls of identify
 m - 4 scrolls of enchant armour
 o - 4 scrolls of teleportation
 q - 2 scrolls of fear
 r - a scroll of summoning
 s - 4 scrolls of fog
 x - 2 scrolls of blinking
 N - a scroll of recharging
Potions
 g - 7 potions of brilliance
 k - a potion of lignification
 l - 2 potions of agility
 u - 2 potions of resistance
 z - 3 potions of magic
 A - 5 potions of curing
 C - 6 potions of flight
 J - a potion of beneficial mutation


   Skills:
 + Level 10.3 Fighting
   Level 10.3(14.4) Short Blades
 * Level 15.1(16.0) Long Blades
 - Level 1.5 Throwing
 + Level 11.8 Dodging
 - Level 10.0 Stealth
 + Level 5.4 Shields
 + Level 3.8 Evocations


You had 13 spell levels left.
You didn't know any spells.

Dungeon Overview and Level Annotations

Branches:
Dungeon (11/15)            Temple (1/1) D:5            Lair (6/6) D:11
  Swamp (0/4) Lair:2        Snake (0/4) Lair:3          Orc (0/2) D:9
  Slime: Lair:5-6

Altars:
Ashenzari
Cheibriados
Dithmenos
Elyvilon
Fedhas
Gozag
Hepliaklqana
Makhleb
Nemelex Xobeh
Okawaru
Ru
Sif Muna
Uskayaw
Xom
Yredelemnul
The Shining One

Annotations:
D:3 RobertPalmer's ghost, amateur VSSu


Innate Abilities, Weirdness & Mutations

Your natural rate of healing is unusually fast.
You have razor-sharp teeth.
You have supernaturally acute eyesight. (SInv)
You can survive without breathing.
You have a pair of small horns on your head.
You tend to lose your temper in combat.
You are clumsy. (Dex -2)
You are dopey. (Int -2)
You expend magic power (3 MP) to strengthen your wands.


Message History

The water moccasin bites you but does no damage.
The basilisk bites you.
The water moccasin bites you but does no damage.
The komodo dragon bites you!!
You feel like a meek peon again.
The water moccasin bites you but does no damage.
The basilisk bites you but does no damage.
The komodo dragon bites you!!
* * * LOW HITPOINT WARNING * * *
The water moccasin bites you but does no damage.
The basilisk bites you!
* * * LOW HITPOINT WARNING * * *
The komodo dragon bites you!!
* * * LOW HITPOINT WARNING * * *
The water moccasin bites you but does no damage.
The basilisk gazes at you. You resist with almost no effort.
The water moccasin bites you but does no damage.
The komodo dragon bites you!!
You die...

##.§§≈≈.....# #...≈≈≈.....#
#..§§§§....####
##...§§.......##
##.<...§........#
...............#####
...................# ##
..P.............P÷.####.### #
.........##.##..@S##...#..#.##
#........######.ll..P..§...#..
..P.......# #.......P≈#.....
..........# ##...†††.≈......
......†..#.# #......††..≈.#.
..........## #.....###≈P.....
#.#......## #..#### ..≈....
#........# ....≈ P≈≈≈...
.........# ..... ≈≈≈≈≈.≈


You could see a komodo dragon, a basilisk and a water moccasin.

Vanquished Creatures
  Erolcha (D:9)
  Fannar (Lair:1)
  2 hydras
  The ghost of Philosophy the Fighter, a novice CeHu of Okawaru (D:8)
  7 death yaks (Lair:4)
  A shock serpent (shapeshifter) (D:9)
  Urug (Lair:4)
  A skeletal warrior (D:8)
  A swamp dragon (Lair:2)
  A hill giant (D:10)
  An oklob plant (Lair:1)
  A shining eye (Bailey)
  A manticore (D:11)
  6 elephants (Lair:4)
  A torpor snail (Lair:5)
  7 rime drakes
  23 spiny frogs
  An efreet (D:9)
  5 komodo dragons
  3 meliai (D:10)
  4 trolls
  A two-headed ogre (D:8)
  A polar bear (Lair:2)
  2 tyrant leeches (Lair:5)
  A hornet (Lair:3)
  14 blink frogs
  7 hippogriffs
  Sigmund (D:3)
  41 yaks
  A shadow (D:7)
  4 wyverns
  Grum (D:9)
  A basilisk (Lair:3)
  4 vampire mosquitoes
  3 nagas (Lair:3)
  14 water moccasins
  4 porcupines
  11 orc warriors
  A black bear (D:8)
  3 sky beasts
  2 ice beasts
  A phantom (D:11)
  5 ogres
  2 wolves (D:9)
  2 eyes of draining (D:9)
  14 crocodiles
  5 big kobolds
  5 centaurs
  2 elf zombies (D:4)
  21 bullfrogs
  A gnoll sergeant (D:4)
  A wyvern zombie (D:6)
  An elf skeleton (D:4)
  6 scorpions
  11 killer bees (D:8)
  7 wights
  3 howler monkeys
  4 electric eels
  4 crimson imps
  A jelly (D:9)
  2 bullfrog zombies
  A quasit (D:5)
  2 orc priests
  2 hounds
  3 centaur skeletons
  A bullfrog skeleton (D:7)
  10 orc wizards
  Ijyb (D:3)
  Terence (D:2)
  5 iguanas
  Natasha (twice) (D:3)
  7 worker ants
  2 hound zombies (D:7)
  8 mummies (Ossuary)
  A worker ant zombie (D:11)
  Robin (D:3)
  15 adders
  13 gnolls
  4 shadow imps
  An ooze (D:1)
  An adder skeleton (D:5)
  5 worms
  A dart slug (D:2)
  4 leopard geckos
  38 orcs
  A ball python (D:4)
  4 giant cockroaches
  A gnoll zombie (Ossuary)
  5 hobgoblins
  2 jackals (D:9)
  25 kobolds
  3 quokkas
  6 bats
  6 frilled lizards
  21 goblins
  4 hobgoblin zombies (Ossuary)
  A jackal skeleton (D:8)
  A kobold zombie (Ossuary)
  A leopard gecko skeleton (D:8)
  An orc skeleton (D:4)
  4 orc zombies
  10 rats
510 creatures vanquished.

Vanquished Creatures (others)
  2 blink frogs (Lair:2)
  A centaur (D:10)
  A hound (D:10)
  A bullfrog skeleton (D:10)
  An adder (D:10)
  24 fungi
  25 plants
55 creatures vanquished.

Grand Total: 565 creatures vanquished

Notes
Turn   | Place    | Note
-------+----------+-------------------------------------------
     0 | D:1      | HungrySpirit the Vampire Assassin began the quest for the Orb.
     0 | D:1      | Reached XP level 1. HP: 16/16 MP: 1/1
   106 | D:1      | Reached XP level 2. HP: 20/22 MP: 2/2
   990 | D:1      | Reached XP level 3. HP: 15/27 MP: 3/3
  1346 | D:2      | Found a snail-covered altar of Cheibriados.
  1346 | D:2      | Noticed Terence
  1363 | D:2      | Killed Terence
  1363 | D:2      | Reached XP level 4. HP: 33/33 MP: 4/4
  1904 | D:3      | Noticed Sigmund
  1912 | D:3      | Killed Sigmund
  1912 | D:3      | Reached XP level 5. HP: 40/40 MP: 5/5
  1912 | D:3      | Reached XP level 6. HP: 46/46 MP: 6/6
  1942 | D:3      | Noticed RobertPalmer's ghost (amateur VSSu)
  2068 | D:3      | Noticed Robin
  2176 | D:3      | Killed Robin
  2379 | D:3      | Noticed Ijyb
  2395 | D:3      | Killed Ijyb
  2479 | D:3      | Reached skill level 5 in Short Blades
  2726 | D:3      | Noticed Natasha
  2733 | D:3      | Killed Natasha
  2775 | D:3      | Noticed Natasha
  2787 | D:3      | Killed Natasha
  2861 | D:4      | Found a hide-covered altar of Uskayaw.
  3058 | D:4      | Reached XP level 7. HP: 51/52 MP: 7/7
  3263 | D:4      | Found a sand-covered staircase.
  3268 | Ossuary  | Entered an ossuary
  3772 | D:4      | Found a blossoming altar of Fedhas.
  3857 | D:4      | Found a burning altar of Makhleb.
  4062 | D:5      | Entered Level 5 of the Dungeon
  4164 | D:5      | Found a glowing golden altar of the Shining One.
  4528 | D:5      | Reached XP level 8. HP: 60/60 MP: 8/8
  4581 | D:5      | Found a staircase to the Ecumenical Temple.
  4621 | Temple   | Entered the Ecumenical Temple
  4668 | Temple   | Became a worshipper of Warmaster Okawaru
  5921 | D:6      | Reached skill level 5 in Dodging
  6369 | D:6      | Reached * piety under Okawaru
  6486 | D:7      | Reached skill level 5 in Fighting
  6606 | D:7      | Reached skill level 10 in Stealth
  6670 | D:7      | Reached XP level 9. HP: 47/68 MP: 6/9
  7091 | D:7      | Found an iron altar of Okawaru.
  7565 | D:8      | You fall through a shaft for 2 floors!
  7565 | D:10     | Entered Level 10 of the Dungeon
  7638 | D:10     | Found a shimmering altar of Xom.
  7661 | D:10     | Noticed a hill giant
  7716 | D:10     | Killed a hill giant
  7716 | D:10     | Reached ** piety under Okawaru
  7716 | D:10     | Reached skill level 10 in Short Blades
  7937 | D:9      | Found a sparkling altar of Nemelex Xobeh.
  8016 | D:9      | Found a white marble altar of Elyvilon.
  8044 | D:9      | Noticed Erolcha
  8053 | D:9      | Killed Erolcha
  8053 | D:9      | Reached *** piety under Okawaru
  8053 | D:9      | Reached skill level 2 in Long Blades
  8053 | D:9      | Reached XP level 10. HP: 77/77 MP: 10/10
  8072 | D:9      | Reached skill level 3 in Long Blades
  8181 | D:9      | Found a flagged portal.
  8187 | Bailey   | Entered a bailey
  8210 | Bailey   | Noticed an orc knight
  8224 | Bailey   | Noticed a shining eye
  8224 | Bailey   | an orc knight changed into a shining eye
  8226 | Bailey   | Gained mutation: You have a pair of small horns on your head. [a shining eye]
  8227 | Bailey   | Gained mutation: You are dopey. (Int -2) [a shining eye]
  8233 | Bailey   | Gained mutation: You are clumsy. (Dex -2) [a shining eye]
  8236 | Bailey   | Gained mutation: You expend magic power (3 MP) to strengthen your wands. [a shining eye]
  8238 | Bailey   | Gained mutation: You tend to lose your temper in combat. [a shining eye]
  8241 | Bailey   | Killed a shining eye
  8302 | Bailey   | Reached skill level 4 in Long Blades
  8412 | Bailey   | Reached skill level 10 in Long Blades
  8412 | Bailey   | Reached XP level 11. HP: 84/84 MP: 11/11
  8624 | D:8      | Noticed Philosophy's ghost (novice CeHu)
  8683 | D:8      | Found a deep blue altar of Sif Muna.
  8903 | D:8      | Reached **** piety under Okawaru
  9015 | D:8      | Killed Philosophy's ghost
  9249 | D:9      | Found a staircase to the Orcish Mines.
  9250 | D:9      | Noticed Grum
  9299 | D:9      | Reached skill level 11 in Long Blades
  9307 | D:9      | Killed Grum
  9701 | D:9      | Noticed a hill giant
  9701 | D:9      | Noticed a five-headed hydra
 10183 | D:10     | Reached XP level 12. HP: 46/92 MP: 10/12
 10822 | D:10     | Reached ***** piety under Okawaru
 11130 | D:9      | Reached skill level 12 in Long Blades
 11466 | D:9      | Killed a one-headed hydra
 11466 | D:9      | Received a gift from Okawaru
 12362 | D:11     | Found a staircase to the Lair.
 12926 | D:11     | Reached skill level 10 in Dodging
 13422 | Lair:1   | Entered Level 1 of the Lair of Beasts
 13446 | Lair:1   | Reached skill level 13 in Long Blades
 13569 | Lair:1   | Noticed Fannar
 13602 | Lair:1   | Killed Fannar
 13627 | Lair:1   | Identified a scroll of acquirement
 13659 | Lair:1   | Received a gift from Okawaru
 13662 | Lair:1   | Reached skill level 1 in Shields
 14527 | Lair:2   | Got a fine bone ring
 14532 | Lair:2   | Found a staircase to the Swamp.
 14558 | Lair:2   | Reached XP level 13. HP: 101/101 MP: 13/13
 14582 | Lair:2   | Identified the ring of Megalomania {Fire rPois} (You found it on level 2 of the Lair of Beasts)
 15476 | Lair:3   | Found a staircase to the Snake Pit.
 16019 | Lair:4   | Reached skill level 14 in Long Blades
 16305 | Lair:4   | Got a jewelled leather armour
 16429 | Lair:3   | Identified the +3 leather armour of the Lair of Beasts {+Inv Slay+2 SInv Stlth+} (You found it on level 4 of the Lair of Beasts)
 16558 | Lair:4   | Reached skill level 1 in Evocations
 16744 | Lair:4   | Noticed Urug
 16762 | Lair:4   | Killed Urug
 16762 | Lair:4   | Reached ****** piety under Okawaru
 16878 | Lair:4   | Received a gift from Okawaru
 17256 | Lair:4   | Reached skill level 10 in Fighting
 17820 | Lair:5   | Reached XP level 14. HP: 94/110 MP: 15/15
 18237 | Lair:6   | Entered Level 6 of the Lair of Beasts
 18338 | Lair:5   | Reached skill level 5 in Shields
 18949 | Lair:6   | Reached skill level 15 in Long Blades
 19148 | Lair:6   | Mangled by a komodo dragon

Skill      XL: |  1  2  3  4  5  6  7  8  9 10 11 12 13 14 |
---------------+-------------------------------------------+-----
Stealth        | 6 7 8 10 | 10.0
Short Blades   | 3 4 5 6 8 10 | 10.3
Dodging        | 2 3 4 5 7 8 10 11 | 11.8
Fighting       | 2 3 5 6 7 9 10 | 10.3
Long Blades    | 2 10 11 13 14 15 | 15.1
Shields        | 2 4 5 |  5.4
Evocations     | 2 3 |  3.8
Throwing       | |  1.5

Action                   |  1- 3 |  4- 6 |  7- 9 | 10-12 | 13-15 || total
-------------------------+-------+-------+-------+-------+-------++-------
Melee: Dagger            |   106 |   166 |   656 |    41 |       ||   969
       Bite              |     9 |    20 |   109 |    93 |    78 ||   309
       Falchion          |       |       |    64 |       |       ||    64
       Punch             |       |       |     1 |     6 |       ||     7
       Short sword       |       |       |       |   182 |       ||   182
       Headbutt          |       |       |       |   141 |   125 ||   266
       Long sword        |       |       |       |   453 |   529 ||   982
       Scimitar          |       |       |       |    38 |     8 ||    46
 Fire: Blowgun           |    10 |       |     8 |       |       ||    18
Invok: Heroism           |       |       |     5 |    17 |    10 ||    32
 Abil: Evoke Invisibilit |       |       |       |       |     4 ||     4
Evoke: Wand              |       |       |       |     6 |       ||     6
  Use: Scroll            |       |       |     9 |    14 |     2 ||    25
       Potion            |       |       |     3 |     9 |     1 ||    13
 Stab: Sleeping          |     7 |    10 |    27 |    24 |    11 ||    79
       Distracted        |       |       |     1 |     6 |     1 ||     8
       Invisible         |       |       |       |       |    14 ||    14
  Eat: Corpse            |    12 |    11 |    22 |    31 |    31 ||   107
Armor: Robe              |    15 |    32 |    89 |    10 |    28 ||   174
       Skin              |       |       |    61 |       |       ||    61
       Leather armour    |       |       |    25 |   106 |    62 ||   193
Dodge: Dodged            |    46 |   118 |   274 |   516 |   257 ||  1211
Block: Shield            |       |       |       |    38 |   236 ||   274
       Rpst.: Falchion   |       |       |    11 |       |       ||    11
       Long sword        |       |       |       |    70 |    86 ||   156
       Scimitar          |       |       |       |     9 |     2 ||    11
